 Dungeon Crawl Stone Soup version 0.31.0-12-g77e489cdc1 (webtiles) character file.

Game seed: 12844573950909523794

361 ChrisAssaf the Firebug (level 6, 0/40 (43) HPs)
             Began as a Human Fire Elementalist on Feb 13, 2024.
             Was a Follower of Qazlal.
             Slain by a wight
             ... wielding a +4 flail
              (7 damage)
             ... in an ossuary.
             The game lasted 00:13:53 (3355 turns).

ChrisAssaf the Firebug (Human Fire Elementalist)    Turns: 3355, Time: 00:13:53

HP:   0/40 (43)     AC:  6    Str:  9    XL:     6   Next: 66%
MP:   1/11          EV: 12    Int: 17    God:    Qazlal [*.....]
Gold: 198           SH:  2    Dex: 13    Spells: 0/12 levels left

rFire   . . .        j - +3 spear (venom)
rCold   . . .        (no shield)
rNeg    . . .        a - +1 robe
rPois   .            (no helmet)
rElec   .            (no cloak)
rCorr   .            i - +2 pair of gloves
SInv    .            (no boots)
Will    .....        (no amulet)
Stlth   ++           (no ring)
HPRegen 0.26/turn    (no ring)
MPRegen 0.12/turn

%: no passive effects
@: studying Polearms, drained
A: explore regen, sense surroundings 1
a: Renounce Religion


You were in an ossuary.
You worshipped Qazlal.
Qazlal was aware of your devotion.
You visited 1 branch of the dungeon, and saw 4 of its levels.
You also visited: Ossuary.

You collected 198 gold pieces.

Inventory:

Hand Weapons
 d - a +2 heavy hand axe
 j - a +3 spear of venom (weapon)
Armour
 a - a +1 robe (worn)
 i - a +2 pair of gloves (worn)
Wands
 k - a wand of iceblast (11)
 l - a wand of polymorph (2)
Scrolls
 f - a scroll of immolation
 o - a scroll of fog
Potions
 b - 3 potions of haste
 c - a potion of ambrosia {unknown}
 e - a potion of curing
 g - a potion of resistance {unknown}
 h - a potion of cancellation
 m - a potion of lignification {unknown}
 n - a potion of mutation
 p - a potion of enlightenment {unknown}
 q - a potion of degeneration {unknown}


   Skills:
 * Level 1.5 Fighting
 - Level 0.8(1.2) Axes
 * Level 1.2(1.4) Polearms
 * Level 1.2 Armour
 * Level 2.3 Dodging
 * Level 2.5 Stealth
 * Level 3.7 Spellcasting
 * Level 1.8 Conjurations
 * Level 1.2 Hexes
 * Level 4.1 Fire Magic
 * Level 1.5 Invocations
 * Level 0.4 Evocations


You couldn't memorise any spells.
You knew the following spells:

 Your Spells              Type           Power      Damage    Failure   Level
a - Foxfire               Conj/Fire      52%        2x1d6     4%          1
b - Scorch                Fire           34%        2d6       4%          2
c - Inner Flame           Hex/Fire       12%        N/A       16%         3
d - Searing Ray           Conj           18%        2d5       12%         2
e - Flame Wave            Conj/Fire      13%        2d6       43%         4

Your spell library contained the following spells:

 Spells                   Type           Power      Damage    Failure   Level
 Magic Dart               Conj           36%        1d4       8%          1
 Volatile Blastmotes      Fire/Tloc      20%        2d11      22%         3
 Fulminant Prism          Conj/Alch      3%         3d5       73%         4


Dungeon Overview and Level Annotations

Branches:
Dungeon (4/15)            Ossuary (1/1)
 Temple: D:4-7

Altars:
Qazlal

Shops:
D:2 ::=


Innate Abilities, Weirdness & Mutations

You regain HP and MP as you explore.
You passively map a small area around you.


Message History

You kill the burial acolyte!
Qazlal accepts your kill.
The searing ray hits the wight.
The wight is heavily damaged. (Press . to maintain the ray.)
The wight no longer looks unusually strong.
The wight is no longer moving quickly.
The wight no longer looks unusually strong.
The wight is no longer moving quickly.
Your life force feels restored.
The searing ray hits the wight.
You destroy the wight!
Qazlal accepts your kill.
Your Polearms skill increases to level 1!
You hit the wight but do no damage.
The wight is heavily damaged.
The wight barely misses you.
Your magical contamination has completely faded away.
The wight attacks as it pursues you! The wight hits you with a +4 flail.
You feel drained.
Casting: Searing Ray (safe; 12% risk of failure)
Confirm with . or Enter, or press ? or * to list all spells.
You conjure some foxfire!
The wight closely misses you.
You feel better.
The foxfire hits the wight.
The wight is severely damaged.
The foxfire hits the wight.
The wight is almost destroyed.
The wight hits you with a +4 flail.
You barely miss the wight.
The wight is almost destroyed.
The wight hits you with a +4 flail!
You closely miss the wight.
The wight is almost destroyed.
The wight hits you with a +4 flail!
* * * LOW HITPOINT WARNING * * *
You feel drained.
* * * LOW HITPOINT WARNING * * *
Unknown command.
You feel better. The wight hits you with a +4 flail!
You die...

########################
#.......................
#.∩.....................
#.......#####'#####.....
#......##.........##....
#.....##...#####...##...
#....##...##...##...##..
#....#..)##.?!!.##...#..
#....#.@z')..?.!.#...#..
#....#...##.!!..##...#..
#....##...##...##...##..
#.....##...#####...##...
#......##.........##....
#.......###########.....
#.∩.....................
#.......................
############'''#########


You could see a wight.

Vanquished Creatures
  A burial acolyte (Ossuary)
  A wight (Ossuary)
  A jelly (D:4)
  A hound (D:4)
  An iguana (D:4)
  A mummy (Ossuary)
  A gnoll (D:1)
  4 adders
  3 ribbon worms
  An orc (D:4)
  5 bats
  7 endoplasms
  2 giant cockroaches
  7 goblins
  5 hobgoblins
  14 jackals
  4 quokkas
  7 ball pythons
  A frilled lizard (D:1)
  8 gnoll skeletons (Ossuary)
  8 kobolds
  4 kobold skeletons (Ossuary)
  8 orc skeletons (Ossuary)
  3 rats
98 creatures vanquished.

Vanquished Creatures (others)
  54 foxfires
54 creatures vanquished.

Grand Total: 152 creatures vanquished

Notes
Turn   | Place    | Note
-------+----------+-------------------------------------------
     0 | D:1      | ChrisAssaf the Human Fire Elementalist began the quest for
                  | the Orb.
     0 | D:1      | Reached XP level 1. HP: 13/13 MP: 3/3
    86 | D:1      | Reached XP level 2. HP: 14/19 MP: 0/5
    99 | D:1      | Learned a level 2 spell: Scorch
   369 | D:2      | Found Sein's Book Shoppe.
   373 | D:2      | Found Maphez's Book Shoppe.
   409 | D:2      | Reached XP level 3. HP: 24/24 MP: 0/6
   515 | D:3      | Found a stormy altar of Qazlal.
   528 | D:3      | Became a worshipper of Qazlal Stormbringer
   533 | D:3      | Learned a level 3 spell: Inner Flame
   824 | D:3      | Reached skill level 1 in Fighting
   897 | D:3      | Reached XP level 4. HP: 32/32 MP: 3/7
   905 | D:3      | Learned a level 2 spell: Searing Ray
  1494 | D:2      | Reached skill level 1 in Armour
  1774 | D:2      | Gained mutation: You passively map a small area around you.
                  | [potion of mutation]
  1857 | D:2      | Found Kafrawue's Jewellery Boutique.
  2279 | D:1      | Reached * piety under Qazlal
  2280 | D:1      | Reached XP level 5. HP: 22/37 MP: 4/9
  2692 | D:4      | Reached skill level 1 in Hexes
  2773 | D:4      | Identified the +3 leather armour of Terror {Harm Int+3
                  | Dex+3}
  2953 | D:4      | Reached skill level 4 in Fire Magic
  2977 | D:4      | Reached XP level 6. HP: 40/43 MP: 6/11
  2999 | D:4      | Found a sand-covered staircase.
  3004 | Ossuary  | Entered an ossuary
  3040 | Ossuary  | Reached skill level 1 in Invocations
  3223 | Ossuary  | Learned a level 4 spell: Flame Wave
  3349 | Ossuary  | Reached skill level 1 in Polearms
  3354 | Ossuary  | HP: 2/41 [wight/+4 flail (12)]
  3355 | Ossuary  | Slain by a wight

Illustrated notes

Levels and vault maps discovered:
D:1:      zaba_arrival_water, layout_basic
D:2:      layout_basic, serial_shops, nicolae_shop_crystal,
          nicolae_shop_behind_doors, nicolae_shop_stone
D:3:      layout_basic, grunt_qazlal_sundering, minivault_11
D:4:      layout_basic, enter_ossuary_2, interstate_on_off
Ossuary:  ossuary_due_mausoleum

Skill      XL: |  1  2  3  4  5  6 |
---------------+-------------------+-----
Fighting       | 1 |  1.5
Armour         | 1 |  1.2
Hexes          | 1 |  1.2
Fire Magic     | 4 |  4.1
Spellcasting   | 3 |  3.7
Invocations    | 1 |  1.5
Polearms       | 1 |  1.2
Axes           | |  0.8
Dodging        | |  2.3
Stealth        | |  2.5
Conjurations   | |  1.8
Evocations     | |  0.4

Action                     |  1- 3 |  4- 6 || total
---------------------------+-------+-------++-------
  Melee: Unarmed           |     4 |       ||     4
         Punch             |     2 |       ||     2
         Hand axe          |     8 |    31 ||    39
         Spear             |       |    52 ||    52
   Cast: Foxfire           |    14 |    15 ||    29
         Scorch            |    21 |    14 ||    35
         Searing Ray       |       |     8 ||     8
    Use: Scroll            |     6 |     9 ||    15
         Potion            |     2 |     3 ||     5
   Stab: Sleeping          |     1 |     3 ||     4
 Armour: Robe              |    27 |    92 ||   119
  Dodge: Dodged            |    34 |    74 ||   108
  Block: Other             |       |     3 ||     3
